AoeStats
← Malcolm Little

Arena

508952424Analyzed
4v4 RM · 7d ago on Sep 24, 2026· 50m 2s· 8 players
Game mode
Random Map
Map size
Large (8 player)
Population
200
Speed
Normal
Resources
Standard
Victory
Conquest
Starting age
Dark Age
Ending age
Imperial Age
RankedLock teamsTeams togetherTeam positionsShared explorationLock speedFull tech treeHidden civsTurbo modeCheats
Victory
Defeat
🇨🇴 Slavs · Colombia
1645
+8
🇪🇸 Teutons · Spain
1421
+16
🇪🇨 Wei · Ecuador
1411
+17
🇲🇽 Italians · Mexico
1247
+23
🇦🇱 Teutons · Albania
1455
-17
🇩🇴 Bohemians · Dominican Republic
1454
-17
🇦🇱 Turks · Albania
1431
-16
🇺🇸 Tatars · United States
1384
-14
jmolinao
10:37 Feudal Age
14:27 Castle Age
12:23 Double-Bit Axe
12:19 Horse Collar
14:24 Wheelbarrow
15:26 Bow Saw
19:39 Loom
19:40 Town Watch
20:22 Heavy Plow
20:44 Gold Mining
21:53 Hand Cart
23:31 Stone Mining
28:16 Imperial Age
26:42 Scale Barding Armor
26:48 Forging
27:54 Detinets
28:16 Chain Barding Armor
30:44 Plate Barding Armor
30:45 Iron Casting
31:05 Fletching
32:54 Gold Shaft Mining
32:51 Crop Rotation
33:24 Two-Man Saw
32:48 Conscription
31:48 Elite Boyar
32:45 Husbandry
32:55 Bloodlines
35:50 Blast Furnace
35:21 Pikeman
36:01 Squires
36:20 Devotion
37:08 Bodkin Arrow
39:05 Hoardings
39:55 Ballistics
40:35 Chemistry
40:02 Druzhina
40:27 Heavy Scorpion
41:21 Siege Engineers
44:15 Scale Mail Armor
48:52 Light Cavalry
El coco
6:24 Loom
9:03 Feudal Age
9:29 Town Watch
10:26 Fletching
12:46 Horse Collar
16:47 Double-Bit Axe
24:44 Castle Age
23:22 Stone Mining
23:24 Gold Mining
25:51 Bow Saw
25:43 Heavy Plow
26:17 Bodkin Arrow
27:30 Fortified Wall
29:34 Stone Shaft Mining
30:08 Bodkin Arrow
33:39 Scale Mail Armor
33:49 Forging
33:39 Scale Mail Armor
33:49 Forging
33:41 Squires
33:01 Pikeman
33:27 Gambesons
33:27 Arson
36:41 Imperial Age
34:04 Gambesons
34:19 Squires
34:04 Gambesons
34:05 Arson
35:12 Wheelbarrow
34:27 Pikeman
35:21 Squires
35:39 Forging
35:29 Scale Mail Armor
36:35 Town Patrol
37:11 Iron Casting
36:48 Halberdier
38:12 Chain Mail Armor
38:35 Conscription
39:42 Plate Mail Armor
40:12 Blast Furnace
39:42 Plate Mail Armor
41:04 Chemistry
40:55 Padded Archer Armor
41:56 Blast Furnace
41:13 Hand Cart
41:52 Ballistics
41:32 Guard Tower
41:35 Elite Skirmisher
42:43 Siege Engineers
43:33 Leather Archer Armor
46:32 Masonry
46:13 Guard Tower
47:12 Caravan
47:42 Coinage
47:23 Guilds
46:41 Man-at-Arms
49:06 Crop Rotation
48:31 Long Swordsman
50:36 Two-Man Saw
50:13 Keep
49:59 Bombard Tower
50:32 Hoardings
el adriano
10:36 Feudal Age
12:19 Double-Bit Axe
14:43 Castle Age
13:00 Horse Collar
15:54 Bow Saw
15:50 Heavy Plow
19:03 Stone Mining
21:20 Gold Mining
22:39 Wheelbarrow
23:04 Gold Shaft Mining
24:33 Hand Cart
24:04 Loom
24:04 Town Watch
25:05 Fletching
26:11 Bodkin Arrow
26:39 Pikeman
31:31 Imperial Age
30:06 Scale Mail Armor
30:16 Forging
32:12 Scale Barding Armor
32:23 Chain Mail Armor
32:43 Iron Casting
32:36 Bracer
34:18 Chain Barding Armor
36:10 Blast Furnace
35:30 Squires
36:15 Bloodlines
37:44 Conscription
38:00 Hoardings
40:05 Heavy Hei Guang Cavalry
41:28 Town Patrol
41:01 Halberdier
44:52 Husbandry
46:29 Coinage
47:07 Crop Rotation
46:19 Light Cavalry
46:59 Hussar
48:48 Ming Guang Armor
47:46 Elite Tiger Cavalry
49:55 Stone Shaft Mining
rakz
0:36 Loom
10:24 Feudal Age
9:16 Loom
20:00 Castle Age
20:05 Double-Bit Axe
20:02 Horse Collar
20:16 Gold Mining
23:19 Stone Mining
27:22 Imperial Age
26:23 Padded Archer Armor
26:13 Fletching
29:08 Chemistry
30:38 Bodkin Arrow
33:32 Ballistics
33:55 Conscription
38:53 Bow Saw
40:02 Leather Archer Armor
42:05 Wheelbarrow
45:22 Scale Mail Armor
45:27 Elite Genoese Crossbowman
46:49 Hoardings
47:01 Ring Archer Armor
46:31 Bracer
47:54 Arson
48:09 Squires
Non faux pa
10:49 Feudal Age
15:34 Castle Age
13:53 Double-Bit Axe
14:28 Fletching
15:09 Gold Mining
15:38 Crossbowman
16:16 Bodkin Arrow
19:59 Padded Archer Armor
22:34 Horse Collar
22:42 Loom
25:24 Scale Barding Armor
25:31 Bloodlines
30:51 Heavy Plow
31:33 Leather Archer Armor
32:14 Wheelbarrow
32:03 Chain Barding Armor
35:02 Imperial Age
33:29 Husbandry
35:17 Ballistics
35:07 Heavy Cavalry Archer
37:39 Chemistry
36:41 Bracer
37:12 Ring Archer Armor
39:54 Conscription
40:50 Masonry
43:01 Hand Cart
43:54 Timurid Siegecraft
45:14 Onager
Malcolm Little
8:22 Loom
10:57 Feudal Age
11:34 Double-Bit Axe
13:16 Fletching
18:16 Castle Age
27:10 Town Watch
30:38 Wheelbarrow
31:53 Fervor
33:55 Sanctity
33:56 Horse Collar
34:22 Pikeman
35:17 Scale Mail Armor
35:59 Forging
40:44 Squires
41:21 Iron Casting
45:57 Imperial Age
44:55 Hand Cart
44:49 Bodkin Arrow
45:37 Man-at-Arms
46:35 Chain Mail Armor
46:05 Halberdier
47:51 Plate Mail Armor
48:22 Blast Furnace
47:12 Long Swordsman
47:39 Arson
48:51 Arson
48:33 Onager
48:59 Two-Handed Swordsman
Necromancer
10:57 Feudal Age
12:54 Fletching
13:21 Loom
16:35 Double-Bit Axe
20:13 Castle Age
18:49 Horse Collar
19:02 Gold Mining
21:10 Heavy Plow
23:10 Gold Shaft Mining
22:48 Bow Saw
22:41 Padded Archer Armor
29:35 Imperial Age
33:05 Wheelbarrow
35:28 Conscription
35:49 Hand Cart
35:20 Town Watch
35:50 Leather Archer Armor
38:03 Scale Barding Armor
38:08 Forging
38:59 Bloodlines
38:50 Husbandry
40:47 Chain Barding Armor
41:03 Iron Casting
42:20 Plate Barding Armor
47:21 Blast Furnace
Pyrro
11:31 Feudal Age
13:11 Double-Bit Axe
16:46 Castle Age
14:31 Loom
15:39 Bloodlines
15:49 Horse Collar
16:26 Scale Barding Armor
20:11 Wheelbarrow
25:09 Chain Barding Armor
27:07 Hand Cart
27:49 Town Watch
32:49 Imperial Age
31:00 Bow Saw
32:24 Ballistics
32:11 Fletching
32:21 Padded Archer Armor
32:16 Gold Mining
33:03 Heavy Plow
32:52 Cavalier
34:11 Plate Barding Armor
34:27 Elite Skirmisher
36:15 Two-Man Saw
36:17 Chemistry
35:49 Crop Rotation
37:20 Bodkin Arrow
36:46 Elite Skirmisher
38:16 Paladin
40:45 Town Patrol
40:58 Forging
41:04 Leather Archer Armor
40:49 Scale Mail Armor
42:12 Bombard Tower
44:10 Ring Archer Armor
45:39 Chain Mail Armor
45:59 Iron Casting
48:11 Plate Mail Armor
48:44 Blast Furnace
48:25 Caravan
48:21 Pikeman
49:02 Squires
49:07 Halberdier
49:33 Arson
49:57 Gambesons
Connection lost

Rejoining the realm…

Still unreachable

The connection could not be restored.

Session expired

The server has moved on; the page needs a fresh start.